 Dungeon Crawl Stone Soup version bcrawl-1.39.2 (webtiles) character file.

Game seed: 17658222919159355732

98348 KristoblXynda the Skirmisher (level 3, -2/33 HPs)
             Began as a Draconian Gladiator on Oct 9, 2023.
             Slain by Crazy Yiuf
             ... wielding a +2 quarterstaff of chaos
              (3 damage)
             ... on level 2 of the Dungeon.
             The game lasted 00:02:09 (1553 turns).

KristoblXynda the Skirmisher (Draconian Gladiator)  Turns: 1553, Time: 00:02:10

Health: -2/33      AC:  6    Str: 16    XL:     3   Next: 26%
Magic:  3/3        EV: 13    Int:  9    God:
Gold:   97         SH:  1    Dex: 12    Spells: 2/2 levels left

rFire    . . .     GDR:     24% a - +0 long sword
rCold    . . .     SeeInvis .   (no shield)
rNeg     . . .     Gourm    .   (armour unavailable)
rPois    .         Faith    .   b - +1 hat
rElec    .         Spirit   .   (no cloak)
rCorr    .         Reflect  .   (no gloves)
MR       +....                  (no boots)
Stlth    +.........             (no amulet)
HPRegen  0.15/turn              o - ring of protection from magic (curse)
MPRegen  0.08/turn              (no ring)

@: lethally poisoned (-2 -> -13), slowed, very slow
A: unfitting armour, cold-blooded, AC +5
a: no special abilities


You were on level 2 of the Dungeon.
You were hungry.

You visited 1 branch of the dungeon, and saw 2 of its levels.

You collected 97 gold pieces.

Inventory:

Hand Weapons
 a - a +0 long sword (weapon)
 n - a +1 falchion of flaming
Armour
 b - a +1 hat (worn)
Jewellery
 o - a cursed ring of protection from magic (left hand)
Scrolls
 g - 2 scrolls of revelation
 j - a scroll of blinking {unknown}
 k - a scroll of teleportation {unknown}
 m - a scroll of enchant weapon {unknown}
 p - 2 scrolls of remove curse {unknown}
Potions
 f - a potion of brilliance
 h - a potion of might
 l - a potion of haste
Comestibles
 e - 6 rations {!d}


   Skills:
 + Level 3.7 Fighting
 * Level 3.6 Long Blades
 - Level 2.0 Throwing
 + Level 3.0 Dodging


You had 2 spell levels left.
You didn't know any spells.
Your spell library was empty.

Dungeon Overview and Level Annotations

Branches:
Dungeon (2/12)

Altars:

Annotations:
D:2 Crazy Yiuf


Innate Abilities, Weirdness & Mutations

Your plain brown scales are hard. (AC +5)
You cannot fit into any form of body armour.
You are cold-blooded and may be slowed by cold attacks.


Message History

Crazy Yiuf is almost dead.
Crazy Yiuf hits you with a +2 quarterstaff of chaos.
You barely miss Crazy Yiuf.
Crazy Yiuf is almost dead.
Crazy Yiuf closely misses you.
You barely miss Crazy Yiuf.
Crazy Yiuf is almost dead.
You feel sick.
Crazy Yiuf waves his quarterstaff at you.
Crazy Yiuf hits you with a +2 quarterstaff of chaos.
You feel yourself slow down. Crazy Yiuf freezes you.
You closely miss Crazy Yiuf.
You tail-slap Crazy Yiuf, but do no damage.
Crazy Yiuf is almost dead.
Crazy Yiuf hits you with a +2 quarterstaff of chaos.
You are lethally poisoned!
Crazy Yiuf hits you with a +2 quarterstaff of chaos!
* * * LOW HITPOINT WARNING * * *
Crazy Yiuf freezes you.
You die...

###.# ♣♣.P.♣
#..)..# #.#
♣♣.♣♣ #>.####
#.# ♣♣.♣ #..#
#.# ♣.♣♣ #..#
#.# ♣♣.♣ #..#
#.# ♣.♣♣
###..# ###.#
##'## #....#
....# #...#
####.# #####
#.g@# #.#
#########
#)(.# #.#
........#
##### ####.#
........###
#....#
#######...#
###### ######
#.######....#
#...........#
#############


You could see Crazy Yiuf.

Vanquished Creatures
  A worm (D:2)
  2 dart slugs
  2 leopard geckos
  An orc (D:2)
  2 giant cockroaches (D:2)
  3 goblins (D:1)
  3 hobgoblins
  A jackal (D:2)
  4 bats
  4 frilled lizards
  3 kobolds
  4 rats
30 creatures vanquished.

Notes
Turn   | Place    | Note
-------+----------+-------------------------------------------
     0 | D:1      | KristoblXynda the Draconian Gladiator began the quest for
                  | the Orb.
     0 | D:1      | Reached XP level 1. HP: 19/19 MP: 1/1
   168 | D:1      | Reached XP level 2. HP: 21/26 MP: 2/2
   807 | D:2      | Reached XP level 3. HP: 32/33 MP: 3/3
   905 | D:2      | Found a runed door.
  1530 | D:2      | Noticed Crazy Yiuf
  1553 | D:2      | HP: 1/33 [Crazy Yiuf/+2 quarterstaff of chaos (9)]
  1553 | D:2      | Slain by Crazy Yiuf

Skill      XL: |  1  2 |
---------------+-------+-----
Throwing       | 2 |  2.0
Dodging        | 3 |  3.0
Fighting       | |  3.7
Long Blades    | |  3.6

Action                   || total
-------------------------++-------
Melee: Long sword        ||    98
       Tailslap          ||    20
Throw: Throwing net      ||     3
  Use: Scroll            ||     4
       Potion            ||     1
  Eat: Chunk             ||     4
Armor: Skin              ||    32
Dodge: Dodged            ||    62
Block: Other             ||     3
